 Dungeon Crawl Stone Soup version 0.31-a0-102-g33a4ccc0cb (webtiles) character file.

Game seed: 3611988945216446349

4572 loir the Grappler (level 10, -1/100 HPs)
             Began as a Troll Gladiator on May 25, 2023.
             Was a Priest of Okawaru.
             Slain by an orc warrior
             ... wielding a +4 hand axe
              (8 damage)
             ... on level 9 of the Dungeon on May 27, 2023.
             The game lasted 00:54:02 (7249 turns).

loir the Grappler (Troll Gladiator)                 Turns: 7249, Time: 00:54:02

Health: -1/100     AC:  8    Str: 34    XL:     10   Next: 18%
Magic:  9/9        EV: 11    Int:  4    God:    Okawaru [***...]
Gold:   747        SH:  0    Dex: 11    Spells: 9/9 levels left

rFire   . .          .
                       - Unarmed
rCold   . . .        h - orb {*Rage}
rNeg    . . .        F - +0 troll leather armour
rPois   +            b - +1 hat
rElec   .            m - +0 cloak
rCorr   .            (gloves unavailable)
SInv    .            (boots unavailable)
Will    .....        (no amulet)
Stlth   +            n - +6 ring of strength
HPRegen 1.96/turn    C - ring of poison resistance
MPRegen 0.11/turn

%: random rage (20%)
@: about to teleport, on berserk cooldown, slowed, very slow
A: large, unfitting armour, claws 3, regeneration 1, shaggy fur 1, tough skin 1
a: Renounce Religion, Heroism


You were on level 9 of the Dungeon.
You worshipped Okawaru.
Okawaru was most pleased with you.
You visited 2 branches of the dungeon, and saw 10 of its levels.
You also visited: Ossuary.

You collected 819 gold pieces.
You spent 72 gold pieces at shops.

Inventory:

Missiles
 d - 2 large rocks (quivered)
 w - 29 poisoned darts
 E - 2 throwing nets
Armour
 a - a +0 robe
 b - a +1 hat (worn)
 h - an orb of wrath (worn)
 m - a +0 cloak (worn)
 F - a +0 troll leather armour (worn)
Jewellery
 n - a +6 ring of strength (left claw)
 v - a ring of ice
 x - a ring of see invisible
 C - a ring of poison resistance (right claw)
Wands
 c - a wand of quicksilver (4)
 t - a wand of digging (11)
Scrolls
 l - 3 scrolls of fear
 s - a scroll of enchant armour
 y - 3 scrolls of teleportation
 A - a scroll of blinking
 B - a scroll of amnesia
 D - 2 scrolls of identify
Potions
 e - 2 potions of haste
 f - 7 potions of heal wounds
 g - 6 potions of curing
 i - 5 potions of mutation
 j - 2 potions of lignification
 k - 2 potions of ambrosia
 o - a potion of might
 p - 2 potions of enlightenment
 q - 3 potions of magic
 r - a potion of attraction
 u - a potion of invisibility
 z - a potion of brilliance
 G - a potion of berserk rage


   Skills:
 * Level 6.9 Fighting
 + Level 5.5 Throwing
 * Level 7.1 Dodging
 * Level 8.5 Unarmed Combat


You had 9 spell levels left.
You didn't know any spells.
Your spell library contained the following spells:

 Spells                   Type           Power      Damage    Failure   Level
 Sublimation of Blood     Necr           0%         N/A       67%         2
 Wereblood                Tmut           0%         N/A       67%         2
 Manifold Assault         Tloc           0%         N/A       99%         4
 Dispersal                Tloc           0%         N/A       100%        6
 Disjunction              Tloc           0%         N/A       100%        8
 Summon Hydra             Summ           Unusable   N/A       N/A         7

Dungeon Overview and Level Annotations

Branches:
Dungeon (9/15)             Temple (1/1) D:6         Ossuary (visited)
   Lair: D:8-11         Orc: D:9-12

Altars:
Ashenzari
Cheibriados
Dithmenos
Elyvilon
Fedhas
Gozag
Hepliaklqana
Kikubaaqudgha
Makhleb
Nemelex Xobeh
Okawaru
Qazlal
Ru
Sif Muna
Vehumet
Wu Jian
Xom
The Shining One

Shops:
D:4 ?   D:7 :


Innate Abilities, Weirdness & Mutations

You are too large for most types of armour.
You have claws for hands.
Your natural rate of healing is unusually fast.
You are covered in fur. (AC +1)
You have tough skin. (AC +1)


Message History

* * * LOW HITPOINT WARNING * * *
The orc warrior hits you with a +4 hand axe!
* * * LOW HITPOINT WARNING * * *
You scratch the killer bee.
The killer bee is lightly wounded.
The killer bee barely misses you.
You barely miss the killer bee.
The killer bee is lightly wounded.
The killer bee stings you but does no damage.
The orc warrior closely misses you.
You closely miss the killer bee.
The killer bee is lightly wounded.
The killer bee closely misses you.
You miss the killer bee.
The killer bee is lightly wounded.
The killer bee stings you.
* * * LOW HITPOINT WARNING * * *
The orc hits you but does no damage. The orc warrior barely misses you.
The killer bee barely misses you.
You eviscerate the killer bee!!!
You kill the killer bee!
Okawaru accepts your kill.
The orc warrior hits you with a +4 hand axe.
* * * LOW HITPOINT WARNING * * *
The orc hits you but does no damage.
You mangle the orc warrior!!
The orc warrior is severely wounded.
You are no longer berserk.
You are exhausted.
You feel yourself slow down.
You barely miss the orc warrior.
The orc warrior is severely wounded.
The orc hits you with a +0 hand axe.
* * * LOW HITPOINT WARNING * * *
The orc warrior hits you with a +4 hand axe!
* * * LOW HITPOINT WARNING * * *
As you read the scroll of teleportation, it crumbles to dust.
You feel strangely unstable. The orc closely misses you.
The orc warrior hits you with a +4 hand axe!
You die...

############
...........#
...........#############
........................
................@.......
...............ooo......
.................(......
........................
.........>..............
##....#############.....
.####.# ..... ##..#.# ..
..... .#..###...


You could see an orc warrior and 2 orcs.

Vanquished Creatures
  A troll (D:8)
  3 yaks (D:9)
  2 steam dragons
  5 water moccasins
  2 orc warriors (D:8)
  2 sky beasts
  4 ogres
  A centaur (D:9)
  A kobold brigand (D:5)
  2 bullfrogs
  3 scorpions
  A gnoll sergeant (D:9)
  5 killer bees (D:9)
  2 howler monkeys (D:7)
  5 jellies
  5 gnoll boudas
  4 orc priests
  6 hounds
  A sleepcap (D:6)
  6 iguanas
  5 orc wizards
  8 mummies (Ossuary)
  10 adders
  21 gnolls
  A shadow imp (D:6)
  2 white imps
  An ufetubus (D:4)
  3 worms
  3 dart slugs
  26 orcs
  14 endoplasms
  4 giant cockroaches
  7 goblins
  7 hobgoblins
  4 jackals (D:2)
  32 kobolds
  2 quokkas
  10 ball pythons
  3 bats
  2 frilled lizards (D:1)
  4 hobgoblin zombies (Ossuary)
  A kobold zombie (Ossuary)
  3 orc zombies (Ossuary)
  7 rats
241 creatures vanquished.

Vanquished Creatures (others)
  A vampire (D:5)
  A human simulacrum (D:9)
  An orc (D:9)
3 creatures vanquished.

Grand Total: 244 creatures vanquished

Notes
Turn   | Place    | Note
-------+----------+-------------------------------------------
     0 | D:1      | loir the Troll Gladiator began the quest for the Orb.
     0 | D:1      | Reached XP level 1. HP: 19/19 MP: 0/0
   224 | D:1      | Reached XP level 2. HP: 28/28 MP: 1/1
   811 | D:2      | Reached XP level 3. HP: 35/35 MP: 2/2
   993 | D:2      | Reached XP level 4. HP: 44/44 MP: 3/3
  1614 | D:3      | Found a broken altar of Ashenzari.
  1614 | D:3      | Found a stormy altar of Qazlal.
  1652 | D:3      | Noticed an ogre
  1661 | D:3      | Killed an ogre
  1662 | D:3      | Reached skill level 4 in Unarmed Combat
  1662 | D:3      | Reached XP level 5. HP: 42/52 MP: 4/4
  1865 | D:3      | Found a faded altar of an unknown god.
  2096 | D:4      | Reached XP level 6. HP: 61/61 MP: 5/5
  2101 | D:4      | Found a burning altar of Makhleb.
  2168 | D:4      | Found Tagi's Magic Scroll Shop.
  2176 | D:4      | Bought a scroll of identify for 24 gold pieces
  2176 | D:4      | Bought a scroll of identify for 24 gold pieces
  2176 | D:4      | Bought a scroll of identify for 24 gold pieces
  2190 | D:4      | Found a white marble altar of Elyvilon.
  2435 | D:4      | Found an ancient bone altar of Kikubaaqudgha.
  2619 | D:4      | Reached XP level 7. HP: 55/67 MP: 6/6
  2659 | D:4      | Found a glowing golden altar of the Shining One.
  2662 | D:4      | Found an ornate altar of the Wu Jian Council.
  2663 | D:4      | Found a shimmering blue altar of Sif Muna.
  2667 | D:4      | Found a blossoming altar of Fedhas.
  2670 | D:4      | Found a snail-covered altar of Cheibriados.
  2822 | D:5      | Entered Level 5 of the Dungeon
  2899 | D:5      | Reached skill level 5 in Unarmed Combat
  3139 | D:5      | Found a sacrificial altar of Ru.
  3209 | D:5      | Noticed a vampire
  3209 | D:5      | Noticed a steam dragon
  3224 | D:5      | Killed a vampire
  3225 | D:5      | Reached XP level 8. HP: 61/79 MP: 7/7
  3366 | D:5      | Reached skill level 5 in Dodging
  3427 | D:5      | Reached skill level 6 in Unarmed Combat
  3773 | D:5      | Reached skill level 5 in Fighting
  3929 | D:6      | Found a staircase to the Ecumenical Temple.
  3959 | Temple   | Entered the Ecumenical Temple
  3966 | Temple   | Became a worshipper of Warmaster Okawaru
  4066 | D:6      | Found a sand-covered staircase.
  4071 | Ossuary  | Entered an ossuary
  4515 | D:6      | Reached XP level 9. HP: 88/88 MP: 8/8
  4750 | D:6      | Reached * piety under Okawaru
  4751 | D:6      | Reached skill level 7 in Unarmed Combat
  5402 | D:7      | Found Farha's Tremendous Tomes.
  5548 | D:7      | Upgraded the game from 0.31-a0-83-gbff143cfd1 to
                  | 0.31-a0-95-g6fa058ef04
  6002 | D:8      | Reached skill level 5 in Throwing
  6153 | D:8      | Found a shimmering altar of Xom.
  6275 | D:8      | Reached ** piety under Okawaru
  6527 | D:8      | Noticed a troll
  6528 | D:8      | Killed a troll
  6529 | D:8      | Reached skill level 8 in Unarmed Combat
  6767 | D:8      | Upgraded the game from 0.31-a0-95-g6fa058ef04 to
                  | 0.31-a0-102-g33a4ccc0cb
  6949 | D:9      | Found a sparkling altar of Nemelex Xobeh.
  7015 | D:9      | Reached XP level 10. HP: 96/100 MP: 9/9
  7019 | D:9      | Reached *** piety under Okawaru
  7024 | D:9      | Identified the +5 falchion of Nonuj {heavy, +Blink rF+
                  | Will+ Str+3}
  7150 | D:9      | Found an opulent altar of Gozag.
  7248 | D:9      | HP: 4/100 [orc warrior/+4 hand axe (12)]
  7249 | D:9      | Slain by an orc warrior

Illustrated notes

Levels and vault maps discovered:
D:1:      minmay_arrival_stair_chambers, layout_basic, nicolae_hexahallways
D:2:      minmay_diamond_boxcup, layout_basic, minmay_pentomino_w2
D:3:      layout_basic, amethyst_overflow_temple_binary,
          hellmonk_ecumenical_altar_blasted
D:4:      cheibrodos_fertilizer, layout_gridville, makhleb_heckhound_becter,
          mainiacjoe_overflow_boulevard, minitemple,
          mainiacjoe_overflow_catwalk, serial_shops, shop
D:5:      kennysheep_kobold_camp, layout_loops_ring, nicolae_ru_path_of_blood
D:6:      layout_loops_corners, minmay_temple_entry_statues_fountains,
          enter_ossuary_2, minmay_fractal_squares_gapless_5
D:7:      layout_basic, nicolae_shop_i_like_big_books
D:8:      layout_basic, mainiacjoe_overflow_alcove_2,
          chequers_serial_rivers_micro_d
D:9:      layout_irregular_city, nicolae_gozag_cash_rules_everything_around_me,
          lemuel_doored_altar, bh_circular_ruins
Temple:   nicolae_temple_ecumenical_triangle

Skill      XL: |  1  2  3  4  5  6  7  8  9 10 |
---------------+-------------------------------+-----
Throwing       | 2 3 4 5 |  5.5
Fighting       | 2 3 4 5 6 |  6.9
Dodging        | 3 4 5 6 7 |  7.1
Unarmed Combat | 4 5 6 8 |  8.5

Action                     |  1- 3 |  4- 6 |  7- 9 | 10-12 || total
---------------------------+-------+-------+-------+-------++-------
  Melee: Unarmed           |    76 |   159 |   306 |    51 ||   592
         Punch             |       |       |     3 |       ||     3
  Throw: Throwing net      |       |     3 |     3 |       ||     6
         Large rock        |       |       |    22 |     8 ||    30
         Dart              |       |       |     3 |     2 ||     5
    Use: Scroll            |     3 |     8 |    13 |     1 ||    25
   Stab: Sleeping          |       |     1 |     1 |       ||     2
 Armour: Robe              |    25 |    76 |    72 |       ||   173
         Troll leather arm |       |       |     5 |    30 ||    35
  Dodge: Dodged            |    30 |    83 |   144 |    56 ||   313

Table legend: (Time is in decaauts)
 A = Elapsed time spent in this place.
 B = Non-inter-level travel time spent in this place.
 C = Inter-level travel time spent in this place.
 D = Time resting spent in this place.
 E = Time spent auto-exploring this place.
 F = Levels seen in this place.
 G = Mean time per level.
                   A        B        C        D        E       F      G
               +--------+--------+--------+--------+--------+-----+--------+
         Total |   7569 |   6901 |    668 |     51 |   5377 |  11 |  688.1 |
       Dungeon |   7320 |   6670 |    650 |     51 |   5263 |   9 |  813.3 |
        Temple |     22 |      4 |     18 |      0 |      0 |   1 |   22.0 |
       Ossuary |    226 |    226 |      0 |      0 |    114 |   1 |  226.0 |
               +--------+--------+--------+--------+--------+-----+--------+

Top non-repeatable levels by time:
     D:5: 1167 daAuts
     D:8: 988 daAuts
     D:6: 973 daAuts
     D:7: 884 daAuts
     D:4: 812 daAuts
     D:1: 779 daAuts
     D:2: 709 daAuts
     D:3: 635 daAuts
     D:9: 370 daAuts
 Ossuary: 226 daAuts
  Temple: 22 daAuts
